 Dungeon Crawl Stone Soup version 0.23-a0-642-g3120c2f5a9 (webtiles) character file.

431 HereIgoKillingAgain the Ruffian (level 6, -5/51 HPs)
             Began as a Draconian Transmuter on Dec 31, 2018.
             Slain by an iron imp (6 damage)
             ... on level 3 of the Dungeon.
             The game lasted 00:05:12 (2508 turns).

HereIgoKillingAgain the Ruffian (DrTm)              Turns: 2508, Time: 00:05:13

Health: -5/51      AC:  6    Str: 12 (13) XL:     6   Next: 66%
Magic:  3/9        EV: 12    Int: 15      God:
Gold:   139        SH:  4    Dex:  8 (11) Spells: 1/9 levels left

rFire    . . .     SeeInvis .     - Unarmed
rCold    . . .     Gourm    .   g - +0 buckler
rNeg     . . .     Faith    .   (armour unavailable)
rPois    .         Spirit   .   (helmet restricted)
rElec    .         Reflect  .   (no cloak)
rCorr    .         Harm     .   (no gloves)
MR       .....                  (no boots)
Stlth    +.........             (no amulet)
HPRegen  0.17/turn              (no ring)
MPRegen  0.11/turn              (no ring)

@: very slightly contaminated
A: unfitting armour, cold-blooded, AC +6
a: no special abilities


You were on level 3 of the Dungeon.
You were not hungry.

You visited 1 branch of the dungeon, and saw 3 of its levels.

You collected 139 gold pieces.

Inventory:

Missiles
 a - 33 arrows
Armour
 g - a +0 buckler (worn)
Jewellery
 e - an uncursed amulet of the gourmand {unknown}
Wands
 h - a wand of polymorph (4)
Scrolls
 d - a scroll of blinking
Potions
 b - a potion of curing {unknown}
Comestibles
 c - 6 rations


   Skills:
 - Level 3.0 Fighting
 + Level 3.3 Dodging
 + Level 2.7 Shields
 + Level 4.3 Unarmed Combat
 - Level 2.0 Spellcasting
 + Level 3.8 Transmutations


You had one spell level left.
You knew the following spells:

 Your Spells              Type           Power        Failure   Level  Hunger
a - Beastly Appendage     Tmut           ##....       5%          1    #......
b - Sticks to Snakes      Tmut           ##......     9%          2    ###....
c - Blade Hands           Tmut           ##........   83%         5    ######.

Your spell library contained the following spells:

 Spells                   Type           Power        Failure   Level  Hunger
 Spider Form              Tmut/Pois      #.........   34%         3    ###....
 Ice Form                 Ice/Tmut       #.......     75%         4    #####..


Dungeon Overview and Level Annotations

Branches:
Dungeon (3/15)

Altars:
Makhleb


Innate Abilities, Weirdness & Mutations

Your plain brown scales are hard. (AC +6)
You cannot fit into any form of body armour.
You are cold-blooded and may be slowed by cold attacks.


Message History

Casting: Beastly Appendage (safe; 5% risk of failure)
Confirm with . or Enter, or press ? or * to list all spells.
You create a snake!
You now have 35 arrows.
The iron imp throws a stone.
The stone hits your ball python!
Your ball python dies!
Casting: Sticks to Snakes (safe; 9% risk of failure)
Confirm with . or Enter, or press ? or * to list all spells.
You create a snake!
You now have 34 arrows.
The iron imp throws a stone.
The stone hits you.
* * * LOW HITPOINT WARNING * * *
Your ball python barely misses the iron imp. x2
Casting: Sticks to Snakes (safe; 9% risk of failure)
Confirm with . or Enter, or press ? or * to list all spells.
You create a snake!
You now have 33 arrows.
Your ball python bites the iron imp but does no damage.
Your ball python barely misses the iron imp.
The iron imp throws a stone.
The stone misses you.
Your ball python closely misses the iron imp. x2
The iron imp hits you.
You die...

#...(..###(
###.###### #.
######...# #.
#......### #.
#.####.# #.
#.############# #.
#.............# #.
#(........≈§≈.###.
#@.......≈§§≈.#...
#5S.(...≈≈....####
#S(....§§.....# #
#...(..§§.....# #
#.....≈8..._..#
#....5.§≈.....#
#...(§.≈≈.....#
#.....§§§§....#
#........≈§≈§.#


You could see 2 iron imps and 2 friendly ball pythons.

Vanquished Creatures
  Grinder (D:3)
  An orc wizard (D:3)
  A centaur skeleton (D:3)
  An iron imp (D:3)
  Ijyb (D:3)
  Terence (D:2)
  Robin (D:2)
  2 adders (D:2)
  3 gnolls (D:3)
  A worm (D:3)
  5 dart slugs
  3 leopard geckos
  5 orcs
  A giant cockroach (D:1)
  16 goblins
  11 hobgoblins
  5 jackals
  5 kobolds
  3 ball pythons
  6 bats
  6 frilled lizards
  13 rats
92 creatures vanquished.

Vanquished Creatures (collateral kills)
  5 goblins (D:3)
5 creatures vanquished.

Grand Total: 97 creatures vanquished

Notes
Turn   | Place    | Note
-------+----------+-------------------------------------------
     0 | D:1      | HereIgoKillingAgain the Draconian Transmuter began the
                  | quest for the Orb.
     0 | D:1      | Reached XP level 1. HP: 16/16 MP: 3/3
    41 | D:1      | Reached XP level 2. HP: 10/23 MP: 5/5
   511 | D:1      | Reached XP level 3. HP: 29/29 MP: 6/6
   790 | D:2      | Learned a level 2 spell: Sticks to Snakes
   850 | D:2      | Found a faded altar of an unknown god.
   850 | D:2      | Noticed Terence
   891 | D:2      | Killed Terence
   891 | D:2      | Reached XP level 4. HP: 21/36 MP: 2/7
  1258 | D:2      | Reached skill level 1 in Shields
  1591 | D:3      | Reached XP level 5. HP: 30/42 MP: 8/8
  1814 | D:3      | Noticed Ijyb
  1838 | D:3      | Killed Ijyb
  1948 | D:3      | Noticed Robin
  1988 | D:2      | Killed Robin
  2136 | D:3      | Reached skill level 4 in Unarmed Combat
  2341 | D:3      | Reached XP level 6. HP: 41/51 MP: 7/9
  2353 | D:3      | Learned a level 5 spell: Blade Hands
  2360 | D:3      | Noticed Grinder
  2364 | D:3      | Paralysed by Grinder for 2 turns
  2387 | D:3      | Killed Grinder
  2456 | D:3      | Found a burning altar of Makhleb.
  2505 | D:3      | HP: 1/51 [iron imp/stone (6)]
  2508 | D:3      | Slain by an iron imp

Vault maps used:
D:1:      dpeg_arrival_ternary, serial_glass, glass_columns_a, glass_columns_a,
          hex_medium, minmay_ruptured
D:2:      chequers_ecumenical_altar_simple, uniq_terence
D:3:      kennysheep_the_goblin_king, lemuel_doored_altar, demons_altar,
          uniq_robin, uniq_grinder

Skill      XL: |  1  2  3  4  5 |
---------------+----------------+-----
Dodging        | 2 3 |  3.3
Fighting       | 2 3 |  3.0
Shields        | 1 2 |  2.7
Transmutations | 3 |  3.8
Unarmed Combat | 4 |  4.3
Spellcasting   | |  2.0

Action                   |  1- 3 |  4- 6 || total
-------------------------+-------+-------++-------
Melee: Unarmed           |   138 |   241 ||   379
       Tailslap          |    18 |    26 ||    44
       Kick              |    17 |    15 ||    32
       Punch             |     1 |       ||     1
       Headbutt          |       |    10 ||    10
 Cast: Beastly Appendage |    12 |    11 ||    23
       Sticks to Snakes  |     1 |     9 ||    10
  Use: Scroll            |       |     8 ||     8
       Potion            |       |     4 ||     4
 Stab: Sleeping          |     1 |       ||     1
  Eat: Chunk             |       |     7 ||     7
Armor: Skin              |    45 |    46 ||    91
Dodge: Dodged            |   103 |   151 ||   254
Block: Buckler           |     1 |    55 ||    56

Table legend:
 A = Non-vault XP
 B = Vault XP
 C = Vault XP percentage of total XP
 D = Non-vault monster count
 E = Vault monster count
 F = Vault count percentage of total count
                 A         B        C        D         E       F
            +---------+---------+-------+---------+---------+-------
      Total |     267 |     349 |  56.7 |      69 |      28 |  28.9
            +---------+---------+-------+---------+---------+-------
        D:1 |      54 |       9 |  14.3 |      30 |       6 |  16.7
        D:2 |      59 |      51 |  46.4 |      20 |       2 |   9.1
        D:3 |     154 |     289 |  65.2 |      19 |      20 |  51.3
            +---------+---------+-------+---------+---------+-------
